 Dungeon Crawl Stone Soup version 0.27.1-1-g398f81649c (webtiles) character file.

Game seed: 16175084858483873261

356 nxtlvl the Spear-Bearer (level 6, -1/51 HPs)
             Began as a Minotaur Abyssal Knight on Sept 15, 2021.
             Was a Follower of Lugonu.
             Slain by a water moccasin zombie (2 damage)
             ... on level 5 of the Dungeon.
             The game lasted 00:06:50 (696 turns).

nxtlvl the Spear-Bearer (Minotaur Abyssal Knight)    Turns: 696, Time: 00:06:51

Health: -1/51      AC:  6    Str: 18    XL:     6   Next: 36%
Magic:  6/6        EV: 10    Int:  9    God:    Lugonu [*.....]
Gold:   67         SH:  0    Dex: 10    Spells: 5/5 levels left

rFire    + . .     SeeInvis .   a - +1 spear
rCold    . . .     Faith    .   (no shield)
rNeg     . . .     Spirit   .   c - +0 ring mail
rPois    .         Reflect  .   (helmet restricted)
rElec    .         Harm     .   (no cloak)
rCorr    .         Rampage  .   d - +0 pair of gloves
Will     .....                  (no boots)
Stlth    ..........             (no amulet)
HPRegen  0.17/turn              k - ring of protection from fire
MPRegen  0.10/turn              (no ring)

@: no status effects
A: horns 2, retaliatory headbutt
a: Renounce Religion, Depart the Abyss


You were on level 5 of the Dungeon.
You worshipped Lugonu.
Lugonu was aware of your devotion.
You visited 1 branch of the dungeon, and saw 5 of its levels.
You visited the Abyss 1 time.

You collected 67 gold pieces.

Inventory:

Hand Weapons
 a - a +1 spear (weapon)
 b - a +0 hunting sling
Missiles
 e - 13 arrows
 i - 33 sling bullets
Armour
 c - a +0 ring mail (worn)
 d - a +0 pair of gloves (worn)
 m - a +0 robe of the Archmagi
Magical Staves
 l - a staff of fire
Jewellery
 k - a ring of protection from fire (left hand)
Scrolls
 f - a scroll of vulnerability {unknown}
 j - a scroll of enchant armour {unknown}


   Skills:
 - Level 3.6 Fighting
 * Level 8.2 Polearms
 - Level 2.4 Armour
 - Level 1.1 Dodging
 - Level 1.7 Invocations


You had 5 spell levels left.
You didn't know any spells.
Your spell library contained the following spells:

 Spells                   Type           Power      Damage    Failure   Level
 Animate Skeleton         Necr           0%         N/A       56%         1
 Apportation              Tloc           0%         N/A       56%         1
 Corona                   Hex            0%         N/A       56%         1
 Summon Small Mammal      Summ           0%         N/A       56%         1


Dungeon Overview and Level Annotations

Branches:
Dungeon (5/15)
 Temple: D:4-7

Altars:
Ru


Innate Abilities, Weirdness & Mutations

You have a pair of horns on your head.
You reflexively headbutt those who attack you in melee.


Message History

The howler monkey hoots and howls with incredible vigour!
You hit the howler monkey but do no damage.
You headbutt the howler monkey!
The howler monkey is severely wounded.
You hit the howler monkey. You headbutt the howler monkey.
You kill the howler monkey!
Lugonu accepts your kill.
You see here a +0 flail.
You see here a +0 flail.
A water moccasin zombie comes into view.
You hit the water moccasin zombie.
The water moccasin zombie is lightly damaged.
You barely miss the water moccasin zombie.
Your headbutt misses the water moccasin zombie.
The water moccasin zombie is lightly damaged.
The water moccasin zombie bites you.
* * * LOW HITPOINT WARNING * * *
You closely miss the water moccasin zombie.
The water moccasin zombie is lightly damaged.
The water moccasin zombie bites you.
* * * LOW HITPOINT WARNING * * *
You barely miss the water moccasin zombie.
The water moccasin zombie is lightly damaged.
The water moccasin zombie bites you but does no damage.
You closely miss the water moccasin zombie.
The water moccasin zombie is lightly damaged.
The water moccasin zombie closely misses you.
You closely miss the water moccasin zombie.
The water moccasin zombie is lightly damaged.
The water moccasin zombie barely misses you.
You barely miss the water moccasin zombie.
You headbutt the water moccasin zombie, but do no damage.
The water moccasin zombie is lightly damaged.
You hit the water moccasin zombie.
The water moccasin zombie is lightly damaged.
The water moccasin zombie bites you but does no damage.
You hit the water moccasin zombie.
The water moccasin zombie is moderately damaged.
The water moccasin zombie bites you.
You die...

.....
##)#.##.#.#.#.##.
.#...
##.#.##.#.#.##.#.
##..#
##.#.##†#.##.#.#
##.
##.#.##.##.#.#
##.#.###.#.#
##.#.#.#.#
##.#.#.# ##.#Z#
##@# ###


You could see a water moccasin zombie.

Vanquished Creatures
  An ice beast (D:5)
  An ogre (D:5)
  A water moccasin zombie (D:5)
  A howler monkey (D:5)
  An orc wizard (D:5)
  A gnoll (D:5)
  3 adders (D:5)
  A white imp (D:5)
  A dart slug (D:5)
  A ball python (D:2)
  3 bats
  2 endoplasms (D:2)
  A giant cockroach (D:2)
  2 goblins (D:2)
  A hobgoblin (D:2)
  2 frilled lizards
  A rat (D:2)
24 creatures vanquished.

Notes
Turn   | Place    | Note
-------+----------+-------------------------------------------
     0 | Abyss:1  | nxtlvl the Minotaur Abyssal Knight began the quest for the
                  | Orb.
     0 | Abyss:1  | Reached XP level 1. HP: 19/19 MP: 1/1
    14 | Abyss:1  | Noticed a large abomination
    96 | D:1      | Escaped the Abyss
   253 | D:2      | Reached skill level 3 in Polearms
   282 | D:2      | Reached XP level 2. HP: 24/26 MP: 2/2
   455 | D:5      | Entered Level 5 of the Dungeon
   476 | D:5      | Reached skill level 5 in Polearms
   476 | D:5      | Reached XP level 3. HP: 9/31 MP: 3/3
   476 | D:5      | Reached XP level 4. HP: 11/39 MP: 4/4
   507 | D:5      | Found a sacrificial altar of Ru.
   530 | D:5      | Reached skill level 6 in Polearms
   601 | D:5      | Noticed an ice beast
   619 | D:5      | Killed an ice beast
   620 | D:5      | Reached skill level 7 in Polearms
   620 | D:5      | Reached XP level 5. HP: 26/45 MP: 5/5
   621 | D:5      | Noticed an ogre
   629 | D:5      | Killed an ogre
   630 | D:5      | Reached XP level 6. HP: 31/51 MP: 6/6
   672 | D:5      | Reached skill level 8 in Polearms
   690 | D:5      | HP: 1/51 [water moccasin zombie (4)]
   696 | D:5      | Slain by a water moccasin zombie

Illustrated notes

Levels and vault maps discovered:
D:1:      wander_arrival_fairy_ring, layout_basic,
          dreamdust_ecumenical_altar_statues, minmay_misc_feat_five,
          minmay_split_cup_small
D:2:      layout_basic, hex_large
D:3:      layout_basic, zin_treasury, fedhas_altar_2,
          gammafunk_ghost_nasty_kobolds, serial_bayou_pond_a
D:4:      layout_layer_cave, makhleb_altar_promises_db, uniq_natasha
D:5:      minmay_inner_zag, layout_cave_pools,
          nicolae_ru_great_annihilating_truth, lemuel_crystal_altar

Skill      XL: |  1  2  3  4  5  6 |
---------------+-------------------+-----
Polearms       | 3 5 7 8 |  8.2
Fighting       | |  3.6
Armour         | |  2.4
Dodging        | |  1.1
Invocations    | |  1.7

Action                   |  1- 3 |  4- 6 || total
-------------------------+-------+-------++-------
Melee: Spear             |    53 |    61 ||   114
       Headbutt          |     4 |     8 ||    12
 Fire: Hunting sling     |     3 |     2 ||     5
  Use: Potion            |       |     2 ||     2
Armor: Ring mail         |    19 |    17 ||    36
Dodge: Dodged            |    18 |    19 ||    37
